 Dungeon Crawl Stone Soup version 0.30-a0-639-g3916f1956a (webtiles) character file.

Game seed: 429894003902564430

1845 ryw the Slasher (level 8, -8/71 HPs)
             Began as an Armataur Gladiator on Jan 15, 2023.
             Killed by divine providence
             ... invoked by an orc priest
              (12 damage)
             ... on level 6 of the Dungeon.
             The game lasted 00:12:34 (5895 turns).

ryw the Slasher (Armataur Gladiator)                Turns: 5895, Time: 00:12:35

Health: -8/71      AC: 12    Str: 23    XL:     8   Next: 88%
Magic:  8/8        EV: 13    Int:  8    God:
Gold:   227        SH:  0    Dex: 11    Spells: 7/7 levels left

rFire   . . .      SeeInvis .    n - +5 morningstar (freeze)
rCold   . . .      Faith    .    (no shield)
rNeg    . . .      Spirit   .    u - +0 scale mail
rPois   .          Reflect  .    (helmet restricted)
rElec   .          Harm     .    (no cloak)
rCorr   .          Roll     +    q - +0 pair of gloves
Will    +....      Rage     3%   (no barding) Stlth
                                 k - amulet of the acrobat
HPRegen 0.31/turn                b - +4 ring of protection
MPRegen 0.11/turn                o - +5 ring of evasion

@: unable to drink
A: large, rugged brown scales 3, deformed body, armoured tail, roll, long
tongue, awkward tongue, hooves 1, horns 1, berserk 1, strong-willed 1, no potion
heal 1, inability to drink after injury 1
a: no special abilities


You were on level 6 of the Dungeon.
You visited 2 branches of the dungeon, and saw 7 of its levels.

You collected 227 gold pieces.

Inventory:

Hand Weapons
 g - a +0 morningstar
 l - a +0 eveningstar of draining
 n - a +5 morningstar of freezing (weapon)
 s - a +0 whip of electrocution
 z - a +2 falchion of freezing
Missiles
 d - 3 throwing nets (quivered)
 e - a javelin
Armour
 c - a +0 helmet
 q - a +0 pair of gloves (worn)
 t - a +2 kite shield of reflection
 u - a +0 scale mail (worn)
 A - a +0 buckler
Jewellery
 b - a +4 ring of protection (left hand)
 k - an amulet of the acrobat (around neck)
 o - a +5 ring of evasion (right hand)
 y - an amulet of faith
Scrolls
 a - a scroll of fog
 f - 2 scrolls of identify
 j - 3 scrolls of poison
 m - a scroll of brand weapon {unknown}
 r - a scroll of torment {unknown}
 w - a scroll of enchant weapon {unknown}
 x - 2 scrolls of teleportation
Potions
 h - 2 potions of flight
 i - a potion of magic
 p - 2 potions of haste
 v - a potion of heal wounds
 B - a potion of lignification {unknown}


   Skills:
 + Level 4.4 Fighting
 * Level 5.6 Long Blades
 - Level 3.1 Maces & Flails
 + Level 4.4 Throwing
 + Level 5.5 Armour
 - Level 3.0 Dodging
 + Level 4.3 Shields


You had 7 spell levels left.
You didn't know any spells.
Your spell library contained the following spells:

 Spells                   Type           Power      Damage    Failure   Level
 Apportation              Tloc           0%         N/A       71%         1
 Freeze                   Ice            0%         1d3       71%         1
 Necrotise                Necr           0%         1d4       71%         1
 Shock                    Conj/Air       0%         1d3       71%         1
 Summon Small Mammal      Summ           0%         N/A       71%         1
 Ensorcelled Hibernation  Hex/Ice        0%         N/A       83%         2
 Passwall                 Tmut/Erth      0%         N/A       83%         2
 Frozen Ramparts          Ice            0%         1d1       97%         3
 Hailstorm                Conj/Ice       0%         3d3       97%         3
 Swiftness                Air            0%         N/A       97%         3
 Airstrike                Air            0%         2d(0-16)  100%        4
 Anguish                  Hex/Necr       0%         N/A       100%        4
 Animate Armour           Summ/Erth      0%         N/A       100%        4
 Haunt                    Necr/Summ      0%         N/A       100%        7


Dungeon Overview and Level Annotations

Branches:
Dungeon (6/15)             Temple (1/1) D:4

Altars:
Ashenzari
Cheibriados
Elyvilon
Fedhas
Hepliaklqana
Kikubaaqudgha
Makhleb
Nemelex Xobeh
Okawaru
Qazlal
Ru
Sif Muna
Trog
Uskayaw
Vehumet
Xom
Yredelemnul
Zin
The Shining One

Shops:
D:2 (

Annotations:
D:3 1 runed translucent door, Crazy Yiuf


Innate Abilities, Weirdness & Mutations

You are completely covered in rugged brown scales. (AC +3, +7% HP)
Armour fits poorly on your strangely shaped body.
You have a long armoured tail.
You roll when moving toward enemies. (Rampage)
Your long tongue fully drains potion bottles. (2x potion effects)
Your tongue gives you trouble enunciating. (1.5x scroll delay)
You have large cloven feet.
You have a pair of small horns on your head.
You sometimes lose your temper in combat.
You are strong-willed. (Will+)
Potions are less effective at restoring your health.
You occasionally lose the ability to drink potions when taking damage.


Message History

Beogh smites you!
You closely miss the orc priest.
You kick the orc priest, but do no damage.
Your headbutt misses the orc priest.
You tail-slap the orc priest, but do no damage.
The orc priest is almost dead.
Something hits you but does no damage. The orc priest closely misses you.
The orc wizard hits you with a +0 dagger.
You barely miss the orc priest. Your kick misses the orc priest.
Your tail-slap misses the orc priest.
The orc priest is almost dead.
You hear some strange, mumbled words.
A puff of flame appears from out of thin air!
The puff of flame hits you!
The orc wizard hits you but does no damage.
The orc priest mumbles some strange prayers to Beogh against you.
Beogh smites you!
You are too injured to fight recklessly!
Okay, then.
Your +2 falchion of freezing stops glowing.
Your +5 morningstar of freezing glows with a cold blue light!
n - a +5 morningstar of freezing (weapon)
The orc wizard hits you but does no damage.
Something hits you but does no damage.
The orc priest hits you but does no damage.
You barely miss the orc wizard. Your headbutt misses the orc wizard.
The orc priest calls down the wrath of Beogh upon you.
Beogh smites you!
You feel threatened and lose the ability to drink potions!
* * * LOW HITPOINT WARNING * * *
Something hits you but does no damage.
The orc wizard hits you but does no damage.
You closely miss something.
You hear some strange, mumbled words.
A magic dart appears from out of thin air!
The magic dart hits you!
* * * LOW HITPOINT WARNING * * *
The orc priest mumbles some strange prayers to Beogh against you.
Beogh smites you!
You die...

.....≈≈ ≈≈..................
[....≈#####≈...............#
.....≈#≈≈≈#≈.........o{o...#
.....≈#≈_≈#≈#..#......o....#
.....≈#≈.≈#≈#.###.....#.>..#
.....≈##.##≈..######..#....#
.#...≈≈≈.≈≈≈....##....#.#.##
##..............##..#####.#
.....≈≈≈.≈≈≈##.{@#.....#. #
..###≈##.##≈##..oo........
..###≈#≈.≈#≈##....##.#....
..##.≈#≈_≈#≈....#.# #.....
.....≈#≈≈≈#≈....####......
.....≈#####≈#.....#..#....
...##≈≈≈≈≈≈≈##............
..####....##..............
....##.##............. .


You could see an orc priest and an orc wizard.

Vanquished Creatures
  Pargi (D:4)
  An ogre (D:3)
  A phantom (D:6)
  2 scorpions (D:4)
  2 bullfrogs (D:4)
  2 necrophages (D:4)
  A water moccasin zombie (D:4)
  5 wights
  3 killer bees (D:4)
  A human zombie (D:4)
  2 hounds
  A jelly (D:5)
  5 orc priests
  5 iguanas
  6 orc wizards
  2 hound zombies (D:4)
  A mummy (D:4)
  3 gnolls (D:5)
  4 adders
  A white imp (D:6)
  4 adder zombies (D:4)
  5 worms
  3 dart slugs
  15 orcs
  4 endoplasms
  5 giant cockroaches
  8 goblins
  7 hobgoblins
  4 jackals (D:1)
  8 kobolds
  3 quokkas
  2 ball pythons
  3 bats
  2 frilled lizards
  5 rats
127 creatures vanquished.

Vanquished Creatures (others)
  5 plants (D:2)
5 creatures vanquished.

Grand Total: 132 creatures vanquished

Notes
Turn   | Place    | Note
-------+----------+-------------------------------------------
     0 | D:1      | ryw the Armataur Gladiator began the quest for the Orb.
     0 | D:1      | Reached XP level 1. HP: 18/18 MP: 1/1
     6 | D:1      | Noticed a salamander
     6 | D:1      | Noticed a hound
     6 | D:1      | Noticed a killer bee
     6 | D:1      | Noticed a black bear
     6 | D:1      | Noticed a lindwurm
   126 | D:1      | Reached XP level 2. HP: 25/25 MP: 2/2
   456 | D:1      | Reached skill level 1 in Armour
   721 | D:2      | Identified the +4 short sword "Dragon's Regret" {heavy,
                  | rF+}
   746 | D:2      | Reached XP level 3. HP: 31/31 MP: 3/3
   885 | D:2      | Found Suyzeet's Weapon Boutique.
   941 | D:2      | You fall into a shaft and drop 1 floor!
  1038 | D:3      | Found a runed translucent door.
  1039 | D:3      | Noticed Crazy Yiuf
  1123 | D:3      | Reached XP level 4. HP: 24/38 MP: 4/4
  1374 | D:3      | Noticed an ogre
  1416 | D:2      | Reached skill level 1 in Long Blades
  2160 | D:3      | Killed an ogre
  2161 | D:3      | Reached skill level 1 in Shields
  2161 | D:3      | Reached XP level 5. HP: 44/44 MP: 5/5
  2524 | D:3      | Reached XP level 6. HP: 40/53 MP: 6/6
  2581 | D:3      | Gained mutation: You are dopey. (Int -2) [potion of
                  | mutation]
  2581 | D:3      | Gained mutation: You occasionally lose the ability to read
                  | scrolls when taking damage. [potion of mutation]
  2581 | D:3      | Gained mutation: Your muscles are strong. (Str +4, Int/Dex
                  | -1) [potion of mutation]
  2581 | D:3      | Gained mutation: You sometimes lose your temper in combat.
                  | [potion of mutation]
  2581 | D:3      | Gained mutation: You are very dopey. (Int -4) [potion of
                  | mutation]
  2581 | D:3      | Gained mutation: You have sharp toenails. [potion of
                  | mutation]
  3146 | D:4      | Reached XP level 7. HP: 60/60 MP: 7/7
  3519 | D:4      | Lost mutation: Your muscles are strong. (Str +4, Int/Dex
                  | -1) [potion of mutation]
  3519 | D:4      | Lost mutation: You are very dopey. (Int -4) [potion of
                  | mutation]
  3519 | D:4      | Lost mutation: You are dopey. (Int -2) [potion of mutation]
  3519 | D:4      | Lost mutation: You have sharp toenails. [potion of
                  | mutation]
  3519 | D:4      | Lost mutation: You occasionally lose the ability to read
                  | scrolls when taking damage. [potion of mutation]
  3519 | D:4      | Lost mutation: You sometimes lose your temper in combat.
                  | [potion of mutation]
  3519 | D:4      | Gained mutation: You have large cloven feet. [potion of
                  | mutation]
  3519 | D:4      | Gained mutation: Potions are less effective at restoring
                  | your health. [potion of mutation]
  3519 | D:4      | Gained mutation: You sometimes lose your temper in combat.
                  | [potion of mutation]
  3519 | D:4      | Gained mutation: You occasionally lose the ability to drink
                  | potions when taking damage. [potion of mutation]
  3519 | D:4      | Gained mutation: You have a pair of small horns on your
                  | head. [potion of mutation]
  3519 | D:4      | Gained mutation: You are strong-willed. (Will+) [potion of
                  | mutation]
  3646 | D:4      | Found a basalt altar of Yredelemnul.
  3796 | D:4      | Found a staircase to the Ecumenical Temple.
  3804 | Temple   | Entered the Ecumenical Temple
  3948 | D:4      | Noticed Pargi
  3953 | D:4      | Killed Pargi
  3974 | D:4      | Reached XP level 8. HP: 70/70 MP: 8/8
  4185 | D:5      | Entered Level 5 of the Dungeon
  4717 | D:5      | Reached skill level 5 in Armour
  4726 | D:5      | Reached skill level 5 in Long Blades
  5178 | D:5      | Got the Discursus on Tectonic Shadows
  5845 | D:6      | Found a shimmering altar of Xom.
  5845 | D:6      | Found a sacrificial altar of Ru.
  5895 | D:6      | Killed from afar by an orc priest

Illustrated notes

Levels and vault maps discovered:
D:1:      onia_arrival_zoo_common, layout_rooms, serial_corexii_hall,
          chequers_hall_statues_wall_a, corexii_hall_statues_x,
          chequers_hall_statues_corner_a, corexii_hall_statues_s,
          chequers_hall_statues_wall_a, chequers_hall_statues_wall_a
D:2:      kennysheep_the_goblin_king, layout_basic, serial_forest,
          infiniplex_forest_lined_3_way, infiniplex_forest_zigzag_1,
          infiniplex_forest_clump_double, infiniplex_forest_lined_2,
          infiniplex_forest_straight_4, infiniplex_forest_lined_1,
          infiniplex_forest_end_1, serial_shops, nicolae_square_shop
D:3:      layout_rooms, uniq_crazy_yiuf_cottage
D:4:      layout_loops_corners, lemuel_mausoleum_altar_yredelemnul,
          minmay_temple_entry_enclosed_plants, grunt_decor_junction,
          mrwooster_statue_mirror, uniq_pargi
D:5:      layout_rooms
D:6:      layout_cave_pools, nicolae_overflow_two_pavilions,
          grunt_decor_arrowhead, corner_web_ring
Temple:   nicolae_temple_x_marks_the_god

Skill      XL: |  1  2  3  4  5  6  7  8 |
---------------+-------------------------+-----
Fighting       | 2 3 4 |  4.4
Throwing       | 2 3 4 |  4.4
Armour         | 1 2 3 4 5 |  5.5
Maces & Flails | 3 |  3.1
Long Blades    | 1 2 3 4 5 |  5.6
Shields        | 1 2 3 4 |  4.3
Dodging        | 3 |  3.0

Action                   |  1- 3 |  4- 6 |  7- 9 || total
-------------------------+-------+-------+-------++-------
Melee: Flail             |   116 |       |       ||   116
       Tailslap          |    10 |    11 |    18 ||    39
       Punch             |     2 |     2 |       ||     4
       Short sword       |     1 |       |       ||     1
       Whip              |       |    79 |       ||    79
       Morningstar       |       |    13 |    81 ||    94
       Kick              |       |     3 |    41 ||    44
       Eveningstar       |       |       |    44 ||    44
       Headbutt          |       |       |    25 ||    25
       Falchion          |       |       |    28 ||    28
Throw: Throwing net      |     2 |       |     1 ||     3
  Use: Scroll            |     2 |     6 |     2 ||    10
       Potion            |       |     5 |     2 ||     7
Armor: Ring mail         |    51 |    37 |    14 ||   102
       Scale mail        |       |       |    67 ||    67
Dodge: Dodged            |    67 |   103 |   120 ||   290

Table legend: (Time is in decaauts)
 A = Elapsed time spent in this place.
 B = Non-inter-level travel time spent in this place.
 C = Inter-level travel time spent in this place.
 D = Time resting spent in this place.
 E = Time spent auto-exploring this place.
 F = Levels seen in this place.
 G = Mean time per level.
                   A        B        C        D        E       F      G
               +--------+--------+--------+--------+--------+-----+--------+
         Total |   6043 |   5502 |    541 |   1628 |   2807 |   7 |  863.3 |
       Dungeon |   5985 |   5451 |    534 |   1628 |   2763 |   6 |  997.5 |
        Temple |     57 |     50 |      7 |      0 |     44 |   1 |   57.0 |
               +--------+--------+--------+--------+--------+-----+--------+

Top non-repeatable levels by time:
     D:4: 1886 daAuts
     D:3: 1170 daAuts
     D:2: 1146 daAuts
     D:5: 816 daAuts
     D:1: 682 daAuts
     D:6: 283 daAuts
  Temple: 57 daAuts
